AoeStats
← Ca-Bling

Arena

510365780Analyzed
3v3 RM · 1d ago on Sep 30, 2026· 64m 25s· 6 players
Game mode
Random Map
Map size
Normal (6 player)
Population
200
Speed
Normal
Resources
Standard
Victory
Conquest
Starting age
Dark Age
Ending age
Imperial Age
RankedLock teamsTeams togetherTeam positionsShared explorationLock speedFull tech treeHidden civsTurbo modeCheats
Victory
Defeat
🇸🇪 Koreans · Sweden
1125
+12
🇸🇪 Burmese · Sweden
1102
+13
🇸🇪 Portuguese · Sweden
1093
+13
🇩🇪 Poles · Germany
1075
-13
🇭🇰 Franks · Hong Kong SAR China
1030
-13
🇳🇴 Slavs · Norway
1012
-12
自古多情空餘恨
3:32 Loom
12:10 Feudal Age
12:51 Double-Bit Axe
17:12 Castle Age
16:06 Stone Mining
16:08 Gold Mining
18:40 Bow Saw
32:43 Imperial Age
30:49 Forging
31:31 Wheelbarrow
31:41 Gold Shaft Mining
31:18 Scale Barding Armor
32:02 Husbandry
32:57 Iron Casting
33:16 Chain Barding Armor
32:47 Cavalier
33:53 Conscription
34:14 Conscription
35:26 Blast Furnace
35:12 Plate Barding Armor
35:40 Hand Cart
35:43 Scale Mail Armor
35:35 Elite Throwing Axeman
38:28 Chain Mail Armor
38:49 Plate Barding Armor
40:07 Plate Mail Armor
39:03 Paladin
40:54 Chemistry
40:49 Herbal Medicine
48:47 Town Watch
52:58 Fortified Wall
53:11 Ballistics
54:31 Town Patrol
55:37 Coinage
55:07 Caravan
theDude
7:19 Loom
10:48 Feudal Age
11:09 Feudal Age
15:30 Castle Age
13:59 Double-Bit Axe
22:33 Horse Collar
23:13 Bow Saw
24:24 Wheelbarrow
23:53 Gold Mining
24:23 Heavy Plow
24:41 Town Watch
28:02 Scale Barding Armor
30:49 Imperial Age
29:46 Chain Barding Armor
29:37 Forging
29:20 Fletching
30:14 Szlachta Privileges
31:15 Bloodlines
31:07 Husbandry
32:21 Iron Casting
31:12 Cavalier
32:14 Conscription
33:30 Chemistry
32:25 Stone Mining
33:18 Crop Rotation
33:13 Bodkin Arrow
33:21 Scale Mail Armor
37:25 Pikeman
38:05 Squires
41:10 Blast Furnace
40:11 Bracer
49:11 Chain Mail Armor
48:56 Padded Archer Armor
51:00 Light Cavalry
54:02 Ballistics
53:55 Masonry
53:48 Murder Holes
56:52 Winged Hussar
58:18 Padded Archer Armor
58:48 Plate Mail Armor
Worldbuilder
12:05 Feudal Age
11:13 Loom
13:36 Double-Bit Axe
14:04 Horse Collar
16:26 Castle Age
18:46 Bow Saw
22:04 Heavy Plow
23:48 Wheelbarrow
29:51 Imperial Age
29:22 Fortified Wall
28:39 Man-at-Arms
29:20 Squires
29:27 Scale Mail Armor
29:38 Forging
29:23 Long Swordsman
30:25 Chain Mail Armor
30:43 Capped Ram
33:01 Iron Casting
32:13 Two-Handed Swordsman
35:11 Hand Cart
36:03 Ballistics
35:53 Masonry
35:40 Fletching
36:40 Detinets
37:26 Conscription
38:46 Champion
40:06 Plate Mail Armor
45:31 Chemistry
49:53 Onager
51:09 Bodkin Arrow
Wendel.
10:47 Feudal Age
14:55 Castle Age
12:44 Double-Bit Axe
13:28 Horse Collar
21:12 Stone Mining
25:30 Bow Saw
25:48 Gold Mining
25:47 Loom
26:37 Wheelbarrow
25:59 Pikeman
31:27 Imperial Age
30:04 Masonry
30:07 Fortified Wall
30:18 Ballistics
30:46 Squires
30:32 Arson
31:19 Scale Mail Armor
31:31 Forging
31:13 Fletching
31:54 Hand Cart
31:26 Town Watch
32:44 Conscription
31:48 Cavalier
32:45 Halberdier
32:53 Elite Skirmisher
35:07 Architecture
35:38 Chemistry
35:16 Chain Mail Armor
35:36 Iron Casting
36:42 Husbandry
38:26 Scale Barding Armor
38:17 Bodkin Arrow
39:46 Siege Engineers
39:22 Treadmill Crane
45:43 Caravan
46:21 Chain Barding Armor
52:00 Two-Man Saw
51:04 Town Patrol
53:20 Gold Shaft Mining
53:21 Stone Shaft Mining
52:41 Heated Shot
52:47 Murder Holes
52:37 Arrowslits
53:03 Careening
53:04 Clinker Construction
53:14 Shipwright
53:00 Siphons
53:40 Coinage
53:21 Guilds
53:26 Bracer
53:56 Plate Mail Armor
54:34 Heavy Rocket Cart
54:36 Capped Ram
55:17 Eupseong
56:42 Banking
56:03 Man-at-Arms
56:04 Elite Fire Lancer
57:47 Long Swordsman
60:04 Shinkichon
64:17 Thumb Ring
63:33 Crossbowman
64:19 Two-Handed Swordsman
Ca-Bling
11:20 Feudal Age
15:34 Castle Age
13:52 Double-Bit Axe
13:50 Horse Collar
15:23 Stone Mining
17:57 Heavy Plow
18:10 Bow Saw
22:06 Wheelbarrow
30:44 Imperial Age
29:20 Hand Cart
28:50 Town Watch
28:47 Pikeman
31:07 Forging
30:57 Scale Mail Armor
30:47 Halberdier
31:31 Gold Mining
33:41 Crop Rotation
34:13 Two-Man Saw
34:16 Iron Casting
35:53 Loom
39:36 Ballistics
39:30 Masonry
39:27 Siege Engineers
39:38 Arquebus
40:32 Elite Organ Gun
42:55 Blast Furnace
42:10 Chain Mail Armor
43:50 Conscription
44:39 Treadmill Crane
45:31 Architecture
47:18 Circumnavigation
Jackred
10:58 Feudal Age
14:49 Castle Age
13:38 Horse Collar
15:41 Heavy Plow
16:52 Loom
21:54 Wheelbarrow
25:16 Husbandry
25:24 Scale Barding Armor
25:43 Hand Cart
25:49 Padded Archer Armor
28:33 Imperial Age
25:50 Town Watch
27:02 Bloodlines
27:36 Forging
31:15 Crop Rotation
30:54 Elite Arambai
32:36 Manipur Cavalry
33:23 Pikeman
34:04 Squires
35:11 Ballistics
35:52 Chemistry
34:49 Halberdier
36:13 Iron Casting
35:38 Scale Mail Armor
35:31 Fletching
38:42 Conscription
40:09 Blast Furnace
39:24 Chain Mail Armor
39:23 Masonry
39:20 Siege Engineers
44:58 Plate Mail Armor
50:36 Parthian Tactics
52:00 Architecture
53:22 Caravan
53:55 Coinage
53:40 Guilds
54:30 Fortified Wall
55:29 Capped Ram
Connection lost

Rejoining the realm…

Still unreachable

The connection could not be restored.

Session expired

The server has moved on; the page needs a fresh start.